 Dungeon Crawl Stone Soup version 0.29.0-4-gdea44cf6ec (webtiles) character file.

Game seed: 782676894876957456

398 qw the Chopper (level 6, 0/37 HPs)
             Began as a Tengu Warper on Aug 28, 2022.
             Slain by a gnoll
             ... wielding a +0 spear
             ... led by a gnoll bouda
              (6 damage)
             ... on level 4 of the Dungeon.
             The game lasted 00:00:23 (4017 turns).

qw the Chopper (Tengu Warper)                       Turns: 4017, Time: 00:00:24

Health: 0/37       AC:  6    Str: 14    XL:     6   Next: 83%
Magic:  10/10      EV: 13    Int: 13    God:
Gold:   179        SH:  5    Dex: 13    Spells: 9/9 levels left

rFire   . . .      SeeInvis .   Y - +0 hand axe
rCold   . . .      Faith    .   (no shield)
rNeg    . . .      Spirit   .   h - +0 ring mail
rPois   .          Reflect  +   (helmet restricted)
rElec   .          Harm     .   (no cloak)
rCorr   +          Rampage  .   e - +0 pair of gloves
Will    .....                   (boots unavailable)
Stlth   +.........              i - amulet of reflection
HPRegen 0.12/turn               b - ring of resist corrosion
MPRegen 0.12/turn               (no ring)

@: flying quickly and evasively, quick
A: beak, talons 3, nimble flight
a: no special abilities


You were on level 4 of the Dungeon.
You visited 1 branch of the dungeon, and saw 4 of its levels.

You collected 179 gold pieces.


Innate Abilities, Weirdness & Mutations

You have a beak for a mouth.
You have claws for feet.
Your magical nature lets you fly swiftly and evasively.


   Skills:
 - Level 3.0 Fighting
 + Level 7.3 Axes
 - Level 1.0 Throwing
 - Level 1.1 Armour
 - Level 2.1 Dodging
 - Level 2.0 Spellcasting
 - Level 2.4 Translocations


You had 9 spell levels left.
You didn't know any spells.
Your spell library contained the following spells:

 Spells                   Type           Power      Damage    Failure   Level
 Blink                    Tloc           14%        N/A       30%         2
 Gell's Gravitas          Tloc           7%         N/A       52%         3
 Lesser Beckoning         Tloc           7%         N/A       52%         3
 Teleport Other           Tloc           7%         N/A       52%         3
 Manifold Assault         Tloc           7%         N/A       99%         5

Inventory:

Hand Weapons
 j - a +0 flail
 Y - a +0 hand axe (weapon)
Armour
 e - a +0 pair of gloves (worn)
 h - a +0 ring mail (worn)
Jewellery
 b - a ring of resist corrosion (left hand)
 i - an amulet of reflection (around neck)
Scrolls
 a - a scroll of enchant weapon {unknown}
 d - 2 scrolls of identify
 o - a scroll of torment {unknown}
Potions
 f - a potion of flight {unknown}
 g - a potion of attraction {unknown}
 k - a potion of lignification {unknown}
 l - 3 potions of curing
 m - a potion of ambrosia {unknown}
 n - a potion of mutation {unknown}

Dungeon Overview and Level Annotations

Branches:
Dungeon (4/15)
 Temple: D:4-7

Altars:

Shops:
D:1 =


Message History

You hit the gnoll bouda.
The gnoll bouda is heavily wounded.
The gnoll is no longer moving quickly.
The gnoll bouda hits you but does no damage.
You block the gnoll's attack.
You closely miss the gnoll bouda. Your peck misses the gnoll bouda.
The gnoll bouda is heavily wounded.
The gnoll bouda closely misses you. You block the gnoll's attack.
You hit the gnoll bouda but do no damage.
You peck the gnoll bouda, but do no damage.
The gnoll bouda is heavily wounded.
The gnoll bouda barely misses you. The gnoll hits you but does no damage.
You barely miss the gnoll bouda. Your kick misses the gnoll bouda.
You peck the gnoll bouda, but do no damage.
The gnoll bouda is heavily wounded.
You block the gnoll bouda's attack. The gnoll misses you.
You closely miss the gnoll bouda. Your kick misses the gnoll bouda.
The gnoll bouda is heavily wounded.
The gnoll bouda misses you. You block the gnoll's attack.
You hit the gnoll bouda. Your kick misses the gnoll bouda.
Your peck misses the gnoll bouda.
The gnoll bouda is severely wounded.
The gnoll bouda barks out a call to the hunt!
The gnoll picks up the pace!
You barely miss the gnoll bouda. Your kick misses the gnoll bouda.
The gnoll bouda is severely wounded.
The gnoll barely misses you.
The gnoll bouda hits you with a +0 whip!
You hit the gnoll bouda.
The gnoll bouda is almost dead.
The gnoll barely misses you.
The gnoll bouda hits you with a +0 whip.
You closely miss the gnoll bouda.
The gnoll bouda is almost dead.
The gnoll misses you.
The gnoll bouda hits you with a +0 whip!
You closely miss the gnoll bouda.
The gnoll bouda is almost dead.
The gnoll hits you from afar with a +0 spear.
You die...

#...## #...#
#...# +...#
#...##+#
#..##..##
########..#....#
#........g)g...#
#........@##
#..........###
#............#
#.......######
#.......#
#.......#
#.......#
....... ....


You could see a gnoll bouda and a gnoll (swift).

Vanquished Creatures
  A phantom (D:4)
  An orc priest (D:3)
  A hound (D:4)
  2 iguanas (D:4)
  Natasha (D:4)
  3 gnolls (D:4)
  9 adders
  An ufetubus (D:3)
  2 worms (D:3)
  A dart slug (D:1)
  4 orcs (D:3)
  4 endoplasms
  A giant cockroach (D:2)
  5 goblins
  7 hobgoblins
  2 jackals (D:1)
  3 quokkas
  5 ball pythons
  3 bats (D:3)
  5 frilled lizards
  8 kobolds
  3 rats (D:3)
72 creatures vanquished.

Notes
Turn   | Place    | Note
-------+----------+-------------------------------------------
     0 | D:1      | qw the Tengu Warper began the quest for the Orb.
     0 | D:1      | Reached XP level 1. HP: 12/12 MP: 4/4
     0 | D:1      | 0 ||| qw: Version: 0.1-a-89-g26bdef1
     0 | D:1      | 0 ||| qw: Game counter: 2382
     0 | D:1      | 0 ||| qw: Always use a shield: true
     0 | D:1      | 0 ||| qw: God list: Okawaru
     0 | D:1      | 0 ||| qw: Allow faded altars: false
     0 | D:1      | 0 ||| qw: Do Orc after D:15 true
     0 | D:1      | 0 ||| qw: Do second Lair branch before Depths: true
     0 | D:1      | 0 ||| qw: Lair rune preference: random
     0 | D:1      | 0 ||| qw: Plans: Normal
     0 | D:1      | 0 ||| PLANNING D:1-11
    92 | D:1      | 92 ||| Stepping ~*~*~tactically~*~*~ (stealth).
    99 | D:1      | Reached skill level 3 in Axes
    99 | D:1      | Reached XP level 2. HP: 14/17 MP: 6/6
   103 | D:1      | 103 ||| Stepping ~*~*~tactically~*~*~ (stealth).
   371 | D:1      | Found Foam's Jewellery Boutique.
   380 | D:1      | 380 ||| SHOPLISTING +6 ring of dexterity (468 gold, have
                  | 40).
   380 | D:1      | 380 ||| SHOPLISTING ring "Aruihin" {Will+ Str+9 Dex-2 SInv}
                  | (549 gold, have 40).
   380 | D:1      | 380 ||| SHOPLISTING ring "Roga Kaeci" {rF- rN++ MP+9 Str+4
                  | Int+3} (587 gold, have 40).
   380 | D:1      | 380 ||| SHOPLISTING ring of Qusex {Will+ rCorr Dex+6} (704
                  | gold, have 40).
   380 | D:1      | 380 ||| SHOPLISTING ring of positive energy (260 gold, have
                  | 40).
   380 | D:1      | 380 ||| SHOPLISTING ring of see invisible (195 gold, have
                  | 40).
   730 | D:1      | 730 ||| UPGRADING to +0 pair of gloves.
   735 | D:1      | 735 ||| UPGRADING to +0 ring mail.
   745 | D:1      | 745 ||| DROPPING +0 leather armour.
   746 | D:1      | 746 ||| UPGRADING to amulet of reflection.
   751 | D:1      | 751 ||| READING scroll labelled KOADUN OFAMP.
   752 | D:1      | 752 ||| READING scroll labelled AROAFA YSUACZEMUS.
   753 | D:1      | 753 ||| READING scroll labelled KOAHEJ LUFA.
   754 | D:1      | 754 ||| DRINKING 2 smoky clear potions.
   755 | D:1      | 755 ||| DROPPING scroll of blinking.
   810 | D:2      | Reached XP level 3. HP: 9/21 MP: 7/7
   811 | D:2      | Reached skill level 4 in Axes
  1275 | D:2      | Reached XP level 4. HP: 24/26 MP: 8/8
  1623 | D:2      | 1623 ||| UPGRADING to ring of resist corrosion.
  1624 | D:2      | 1624 ||| READING scroll labelled YMAEGIC URELEA.
  1625 | D:2      | 1625 ||| READING scroll labelled CORATI ZIJYE.
  1626 | D:2      | 1626 ||| READING scroll labelled LIYNAW BIYNWA.
  1788 | D:1      | 1788 ||| Stepping randomly (stuck).
  1839 | D:3      | 1839 ||| DROPPING +0 club.
  1879 | D:3      | 1879 ||| Stepping ~*~*~tactically~*~*~ (stealth).
  1886 | D:3      | Reached skill level 5 in Axes
  2202 | D:3      | 2202 ||| Stepping ~*~*~tactically~*~*~ (stealth).
  2246 | D:3      | 2246 ||| FLEEEEING.
  2247 | D:3      | 2247 ||| FLEEEEING.
  2248 | D:3      | 2248 ||| FLEEEEING.
  2249 | D:3      | 2249 ||| FLEEEEING.
  2250 | D:3      | 2250 ||| FLEEEEING.
  2266 | D:3      | Gained mutation: Your magical nature lets you fly swiftly
                  | and evasively. [Tengu growth]
  2266 | D:3      | Reached XP level 5. HP: 28/30 MP: 9/9
  2295 | D:3      | 2295 ||| DROPPING +0 whip.
  2330 | D:3      | 2330 ||| FLEEEEING.
  2331 | D:3      | 2331 ||| FLEEEEING.
  2334 | D:3      | 2334 ||| FLEEEEING.
  2335 | D:3      | 2335 ||| FLEEEEING.
  2336 | D:3      | 2336 ||| FLEEEEING.
  2337 | D:3      | 2337 ||| FLEEEEING.
  2338 | D:3      | 2338 ||| FLEEEEING.
  2339 | D:3      | 2339 ||| FLEEEEING.
  2341 | D:3      | 2341 ||| FLEEEEING.
  2342 | D:3      | 2342 ||| FLEEEEING.
  2343 | D:3      | 2343 ||| FLEEEEING.
  2344 | D:3      | 2344 ||| FLEEEEING.
  2345 | D:3      | 2345 ||| FLEEEEING.
  2531 | D:3      | 2531 ||| Stepping ~*~*~tactically~*~*~ (stealth).
  2540 | D:3      | 2540 ||| Stepping ~*~*~tactically~*~*~ (stealth).
  2544 | D:3      | 2544 ||| FLEEEEING.
  2545 | D:3      | 2545 ||| FLEEEEING.
  2546 | D:3      | 2546 ||| FLEEEEING.
  2551 | D:3      | 2551 ||| FLEEEEING.
  2552 | D:3      | 2552 ||| FLEEEEING.
  2553 | D:3      | 2553 ||| FLEEEEING.
  2554 | D:3      | 2554 ||| FLEEEEING.
  2559 | D:3      | 2559 ||| FLEEEEING.
  2567 | D:3      | 2567 ||| FLEEEEING.
  2568 | D:3      | 2568 ||| FLEEEEING.
  2683 | D:3      | 2683 ||| Stepping ~*~*~tactically~*~*~ (hiding).
  2685 | D:3      | 2685 ||| Stepping ~*~*~tactically~*~*~ (hiding).
  2687 | D:3      | 2687 ||| Stepping ~*~*~tactically~*~*~ (hiding).
  2688 | D:3      | 2688 ||| Stepping ~*~*~tactically~*~*~ (hiding).
  2689 | D:3      | 2689 ||| Stepping ~*~*~tactically~*~*~ (hiding).
  2705 | D:3      | Reached skill level 6 in Axes
  2917 | D:3      | 2917 ||| READING scroll labelled TAGGAG TEITES.
  2918 | D:3      | 2918 ||| Stepping randomly (stuck).
  3080 | D:3      | 3080 ||| DRINKING 2 dark potions.
  3116 | D:4      | 3116 ||| STAIRDANCE
  3374 | D:4      | Noticed a phantom
  3385 | D:4      | Killed a phantom
  3386 | D:4      | Reached skill level 7 in Axes
  3386 | D:4      | Reached XP level 6. HP: 31/35 MP: 10/10
  3435 | D:4      | Noticed Natasha
  3437 | D:4      | 3437 ||| Stepping ~*~*~tactically~*~*~ (hiding).
  3448 | D:4      | Killed Natasha
  3773 | D:4      | Reached skill level 3 in Fighting
  3980 | D:4      | 3980 ||| Stepping ~*~*~tactically~*~*~ (stealth).
  3992 | D:4      | HP: 8/37 [gnoll/+0 spear[a gnoll bouda] (3)]
  3993 | D:4      | 3993 ||| DRINKING potion of heal wounds.
  4016 | D:4      | HP: 6/37 [gnoll bouda/+0 whip (9)]
  4017 | D:4      | Slain by a gnoll

Levels and vault maps discovered:
D:1:      spicycebolla_arrival_ecumenical, layout_loops_ring, serial_shops,
          nicolae_diamond_shop, grunt_decor_one_mirror
D:2:      layout_basic
D:3:      minmay_recursive_quarters, layout_loops_ring, minmay_surrounded
D:4:      minmay_bubble_buster, layout_gridville, mainiacjoe_overflow_alcove_1,
          uniq_natasha

Skill      XL: |  1  2  3  4  5  6 |
---------------+-------------------+-----
Axes           | 3 4 5 7 |  7.3
Fighting       | 3 |  3.0
Throwing       | |  1.0
Armour         | |  1.1
Dodging        | |  2.1
Spellcasting   | |  2.0
Translocations | |  2.4

Action                   |  1- 3 |  4- 6 || total
-------------------------+-------+-------++-------
Melee: Hand axe          |    52 |   190 ||   242
       Kick              |    12 |    45 ||    57
       Peck              |     7 |    23 ||    30
       Punch             |       |     4 ||     4
Throw: Boomerang         |     7 |       ||     7
  Use: Scroll            |     3 |     4 ||     7
       Potion            |     1 |     2 ||     3
Armor: Leather armour    |     5 |       ||     5
       Ring mail         |    11 |    36 ||    47
Dodge: Dodged            |    29 |    89 ||   118
Block: Other             |     7 |    48 ||    55
       Reflection        |       |     6 ||     6

Table legend:
 A = Non-vault XP
 B = Vault XP
 C = Vault XP percentage of total XP
 D = Non-vault monster count
 E = Vault monster count
 F = Vault count percentage of total count
                 A         B        C        D         E       F
            +---------+---------+-------+---------+---------+-------
      Total |     495 |      74 |  13.0 |      58 |      14 |  19.4
            +---------+---------+-------+---------+---------+-------
        D:1 |      27 |       0 |   0.0 |      15 |       0 |   0.0
        D:2 |      62 |       0 |   0.0 |      14 |       0 |   0.0
        D:3 |     129 |      36 |  21.8 |      19 |      12 |  38.7
        D:4 |     277 |      38 |  12.1 |      10 |       2 |  16.7
            +---------+---------+-------+---------+---------+-------
